 Dungeon Crawl Stone Soup version 0.17-a0-491-gbd49765 (webtiles) character file.

284 inmateoo the Ruffian (level 6, 0/37 HPs)
             Began as a Gargoyle Monk on Apr 10, 2015.
             Was a Believer of Cheibriados.
             Engulfed by a cloud of blessed fire (37 damage)
             ... on level 4 of the Dungeon.
             The game lasted 00:03:59 (2521 turns).

inmateoo the Ruffian (Gargoyle Monk)                Turns: 2521, Time: 00:04:00

Health: 0/37       AC:  6    Str: 19    XL:     6   Next: 29%
Magic:  6/6        EV: 13    Int: 23    God:    Cheibriados [**....]
Gold:   147        SH:  0    Dex: 17    Spells: 0 memorised, 5 levels left

rFire  . . .     SeeInvis .       - Unarmed
rCold  . . .     Clarity  .     a - +0 robe
rNeg   + . .     SustAb   .     (no shield)
rPois  ∞         Gourm    .     (no helmet)
rElec  +         Spirit   .     (no cloak)
rCorr  .         Warding  .     (no gloves)
rMut   .         Stasis   .     (no boots)
MR     .....                    j - amulet of inaccuracy (curse)
Stlth  +.........               (no ring)
                                h - +5 ring of intelligence

@: glowing, very slow, not resistant to hostile enchantments, very unstealthy
A: negative energy resistance 1, electricity resistance, unbreathing,
petrification resistance, rot immunity, AC +4
a: Bend Time, Renounce Religion


You were on level 4 of the Dungeon.
You worshipped Cheibriados.
Cheibriados was pleased with you.
You were very hungry.

You visited 2 branches of the dungeon, and saw 5 of its levels.

You collected 147 gold pieces.

Inventory:

Armour
 a - a +0 robe (worn)
Jewellery
 h - a +5 ring of intelligence (left hand)
 j - a cursed amulet of inaccuracy (around neck)
Potions
 d - a potion of flight {unknown}
 e - 2 potions of cure mutation
 f - a potion of ambrosia
 k - a potion of brilliance
Comestibles
 b - 3 bread rations
 i - a beef jerky
 l - 2 fruits
 n - a meat ration


   Skills:
 - Level 3.2 Fighting
 - Level 2.4 Dodging
 - Level 2.1 Stealth
 * Level 7.4 Unarmed Combat


You had 5 spell levels left.
You didn't know any spells.

Dungeon Overview and Level Annotations

Branches:
Dungeon (4/15)             Temple (1/1) D:4

Altars:
Cheibriados
Dithmenos
Gozag
Nemelex Xobeh
Ru
The Shining One


Innate Abilities, Weirdness & Mutations

You are resistant to torment.
Your stone body is resilient (AC +4).
You are immune to poison.
You resist negative energy.
You are resistant to electric shocks.
You can survive without breathing.
You are immune to petrification.
You are immune to rotting.


Message History

You miss the bat skeleton. The bat skeleton misses you.
The bat skeleton hits you but does no damage.
You punch the bat skeleton!
You destroy the bat skeleton!
Cheibriados thoroughly appreciates the change of pace.
No target in view!
No target in view!
You open the door.
Found a puce potion.
Found a glowing golden altar of the Shining One.
The angel shouts!
There is an open door here.
There is a glowing golden altar of the Shining One here.
Really walk into that cloud of blessed fire?
Really walk into a travel-excluded area? [Y]es or [N]o only, please.
Really walk into a travel-excluded area?
You are engulfed in blessed fire.
Ouch! That really hurt!
You die...

....##.....###....##....#........
....##.....# #....##....#........
............ ...........#........
............ ...........'........
........... .#######...#...)))..
......... . ######...#....)...
###+##.. ##A###..###..##...
....######+##########..###(.##...
..............##@.§##...#....#...
............[.##._.##...#....#...
..............##§.§##...#....#...
..............##...##...'....'...
..............##§.§##...#....#...
<..###.....#####...##..# #..####.
...###.....# ###'###..###..####.
...........#..#.....#.........<..
...........#.....................


You could see an angel.

Vanquished Creatures
  An eye of draining (D:4)
  A hound (D:4)
  2 orc wizards (D:4)
  An iguana (D:4)
  A hound skeleton (D:4)
  2 adders (D:2)
  A giant gecko (D:2)
  5 orcs (D:4)
  6 bats
  A bat skeleton (D:4)
  4 giant cockroaches
  6 goblins
  6 hobgoblins
  2 jackals (D:2)
  A quokka (D:2)
  A ball python (D:4)
  3 giant newts
  5 kobolds
  8 rats
57 creatures vanquished.

Notes
Turn   | Place    | Note
--------------------------------------------------------------
     0 | D:1      | inmateoo, the Gargoyle Monk, began the quest for the Orb.
     0 | D:1      | Reached XP level 1. HP: 14/14 MP: 1/1
    79 | D:2      | Reached XP level 2. HP: 9/19 MP: 2/2
   502 | D:1      | Reached XP level 3. HP: 18/23 MP: 3/3
   592 | D:1      | Reached skill level 5 in Unarmed Combat
  1279 | D:2      | Found a sparkling altar of Nemelex Xobeh.
  1429 | D:2      | Reached XP level 4. HP: 28/28 MP: 4/4
  1539 | D:4      | Found a staircase to the Ecumenical Temple.
  1551 | Temple   | Entered the Ecumenical Temple
  1557 | Temple   | Became a worshipper of Cheibriados the Contemplative
  1557 | Temple   | Acquired Cheibriados's first power
  1666 | D:4      | Reached skill level 6 in Unarmed Combat
  2014 | D:4      | Reached XP level 5. HP: 32/32 MP: 5/5
  2134 | D:4      | Noticed an eye of draining
  2172 | D:4      | Killed an eye of draining
  2172 | D:4      | Reached skill level 7 in Unarmed Combat
  2172 | D:4      | Reached XP level 6. HP: 11/37 MP: 0/6
  2514 | D:4      | Found a glowing golden altar of the Shining One.
  2515 | D:4      | Noticed an angel
  2521 | D:4      | Engulfed by a cloud of blessed fire

Action                   |  1- 3 |  4- 6 || total
-------------------------+-------+-------++-------
Melee: Unarmed           |   127 |   106 ||   233
  Use: Scroll            |     5 |     3 ||     8
       Potion            |       |     5 ||     5
 Stab: Sleeping          |     1 |     2 ||     3
  Eat: Chunk             |     1 |     2 ||     3
